 Dungeon Crawl Stone Soup version 0.30-a0-718-geaa24f58ff (webtiles) character file.

Game seed: 4179605651895379703

88 Shayle the Sneak (level 4, 0/28 HPs)
             Began as a Tengu Brigand on Jan 25, 2023.
             Slain by a white imp (2 damage)
             ... summoned by Natasha
             ... on level 2 of the Dungeon.
             The game lasted 00:04:43 (1177 turns).

Shayle the Sneak (Tengu Brigand)                    Turns: 1177, Time: 00:04:44

Health: 0/28       AC:  3    Str: 11    XL:     4   Next: 53%
Magic:  6/6        EV: 12    Int: 14    God:
Gold:   81         SH:  0    Dex: 15    Spells: 3/4 levels left

rFire   . . .      SeeInvis .    a - +2 dagger
rCold   . . .      Faith    .    (no shield)
rNeg    . . .      Spirit   .    b - +0 robe
rPois   .          Reflect  .    (helmet restricted)
rElec   .          Harm     .    c - +0 cloak
rCorr   .          Rampage  .    (no gloves)
Will    .....                    (boots unavailable)
Stlth   +++                      (no amulet)
HPRegen 0.24/turn                (no ring)
MPRegen 0.10/turn                (no ring)

@: slowed, very slow
A: beak, talons 3
a: no special abilities


You were on level 2 of the Dungeon.
You visited 1 branch of the dungeon, and saw 2 of its levels.

You collected 81 gold pieces.

Inventory:

Hand Weapons
 a - a +2 dagger (weapon)
Missiles
 d - 11 poisoned darts (quivered)
 e - 3 curare-tipped darts
Armour
 b - a +0 robe (worn)
 c - a +0 cloak (worn)
Scrolls
 h - a scroll of poison
 i - a scroll of acquirement {unknown}
Potions
 f - a potion of degeneration {unknown}
 g - a potion of might {unknown}
 j - a potion of mutation {unknown}
 k - a potion of curing {unknown}


   Skills:
 + Level 3.0 Fighting
 - Level 2.2 Short Blades
 - Level 2.0 Throwing
 + Level 2.6 Dodging
 + Level 4.6 Stealth
 + Level 0.7 Spellcasting


You had 3 spell levels left.
You knew the following spells:

 Your Spells              Type           Power      Damage    Failure   Level
a - Necrotise             Necr           0%         1d4       26%         1

Your spell library contained the following spells:

 Spells                   Type           Power      Damage    Failure   Level
 Inner Flame              Hex/Fire       0%         N/A       63%         3
 Ozocubu's Armour         Ice            0%         N/A       63%         3
 Vampiric Draining        Necr           0%         2d6       63%         3
 Cause Fear               Hex            0%         N/A       95%         4
 Agony                    Necr           0%         N/A       100%        5
 Metabolic Englaciation   Hex/Ice        0%         N/A       100%        5
 Simulacrum               Ice/Necr       0%         N/A       100%        6
 Discord                  Hex            0%         N/A       100%        8


Dungeon Overview and Level Annotations

Branches:
Dungeon (2/15)

Altars:

Annotations:
D:2 Natasha


Innate Abilities, Weirdness & Mutations

You have a beak for a mouth.
You have claws for feet.


Message History

You hit the endoplasm.
The endoplasm is severely wounded.
The endoplasm freezes you.
You are frozen.
You barely miss the endoplasm.
You claw the endoplasm, but do no damage.
The endoplasm is severely wounded.
The endoplasm closely misses you.
You hit the endoplasm.
You kill the endoplasm!
Natasha closely misses you.
You hit Natasha. You claw Natasha, but do no damage. Your peck misses Natasha.
Natasha is lightly wounded.
Natasha misses you.
You hit Natasha.
Natasha is moderately wounded.
Natasha claws you.
You hit Natasha but do no damage. Your kick misses Natasha.
Natasha is lightly wounded.
Natasha extends her claws.
Natasha casts a spell.
You miss Natasha. You claw Natasha. You peck Natasha.
Natasha is moderately wounded.
Natasha casts a spell at you.
You feel yourself slow down.
You hit Natasha but do no damage. You claw Natasha.
Natasha is severely wounded.
Natasha claws you! The white imp hits you. The white imp freezes you.
* * * LOW HITPOINT WARNING * * *
You barely miss Natasha. Your kick misses Natasha.
Natasha is severely wounded.
Natasha closely misses you. The white imp gestures at you.
The puff of frost hits you!
* * * LOW HITPOINT WARNING * * *
You hit Natasha.
Natasha is almost dead.
Natasha casts a spell at you. You resist with some effort.
The white imp hits you.
You die...

..#...#............<......####...
......#...........#.....#....#...
....###...........#.....#....#...
....###.........#.#..........+...
....#..........##.#.....##...###.
...............##.#...........##.
...............##.#...........##.
...............5..###.........#..
....#..........h@.'...........#..
....#.............#####.....#....
#####.............# #.......####.
#.............# #.####### #.
#..........#### #.# ####
#.......... #.###### #.#
########### #.#....# #.#
#†#.##.###.# #.#.##.....#


You could see Natasha and a white imp (summoned).

Vanquished Creatures
  Natasha (D:2)
  2 adders (D:2)
  A worm (D:2)
  A dart slug (D:2)
  4 ball pythons
  5 endoplasms
  3 giant cockroaches (D:1)
  4 goblins
  2 jackals (D:2)
  3 kobolds
  6 bats
  7 frilled lizards
  A rat (D:2)
40 creatures vanquished.

Notes
Turn   | Place    | Note
-------+----------+-------------------------------------------
     0 | D:1      | Shayle the Tengu Brigand began the quest for the Orb.
     0 | D:1      | Reached XP level 1. HP: 12/12 MP: 2/2
   167 | D:1      | Reached XP level 2. HP: 17/17 MP: 3/3
   636 | D:2      | Reached XP level 3. HP: 22/22 MP: 4/4
   737 | D:2      | Learned a level 1 spell: Necrotise
   895 | D:2      | Reached XP level 4. HP: 18/27 MP: 5/5
  1076 | D:2      | Noticed Natasha
  1081 | D:2      | Killed Natasha
  1165 | D:2      | Noticed Natasha
  1177 | D:2      | Slain by a white imp

Illustrated notes

Levels and vault maps discovered:
D:1:      minmay_arrival_five_plusses, layout_rooms
D:2:      layout_basic, uniq_natasha

Skill      XL: |  1  2  3  4 |
---------------+-------------+-----
Dodging        | 2 |  2.6
Fighting       | 3 |  3.0
Short Blades   | |  2.2
Throwing       | |  2.0
Stealth        | |  4.6
Spellcasting   | |  0.7

Action                     |  1- 3 |  4- 6 || total
---------------------------+-------+-------++-------
  Melee: Dagger            |    75 |    21 ||    96
         Kick              |    21 |     7 ||    28
         Peck              |     9 |     3 ||    12
    Use: Scroll            |     1 |       ||     1
   Stab: Sleeping          |     3 |     1 ||     4
 Armour: Robe              |    18 |     5 ||    23
  Dodge: Dodged            |    40 |    12 ||    52

Table legend: (Time is in decaauts)
 A = Elapsed time spent in this place.
 B = Non-inter-level travel time spent in this place.
 C = Inter-level travel time spent in this place.
 D = Time resting spent in this place.
 E = Time spent auto-exploring this place.
 F = Levels seen in this place.
 G = Mean time per level.
                   A        B        C        D        E       F      G
               +--------+--------+--------+--------+--------+-----+--------+
         Total |   1167 |   1140 |     27 |    136 |    633 |   2 |  583.5 |
       Dungeon |   1167 |   1140 |     27 |    136 |    633 |   2 |  583.5 |
               +--------+--------+--------+--------+--------+-----+--------+

Top non-repeatable levels by time:
     D:1: 614 daAuts
     D:2: 553 daAuts
